 Dungeon Crawl Stone Soup version 0.21-a0-85-ga0cb861 (webtiles) character file.

8 4thArraOfDagon the Vexing (level 2, 0/19 HPs)
             Began as a Mummy Enchanter on June 25, 2017.
             Slain by a worker ant (6 damage)
             ... on level 4 of the Dungeon.
             The game lasted 00:01:58 (524 turns).

4thArraOfDagon the Vexing (Mummy Enchanter)          Turns: 524, Time: 00:01:58

Health: 0/19       AC:  2    Str: 11    XL:     2   Next: 0%
Magic:  0/5        EV: 12    Int: 14    God:
Gold:   43         SH:  0    Dex: 12    Spells: 3/6 levels left

rFire    x . .     SeeInvis .   a - +1 dagger
rCold    + . .     Gourm    .   (no shield)
rNeg     + + +     Faith    .   b - +0 robe
rPois    ∞         Spirit   .   (no helmet)
rElec    .         Reflect  .   (no cloak)
rCorr    .         Harm     .   (no gloves)
MR       .....                  (no boots)
Stlth    ++........             (no amulet)
HPRegen  0.06/turn              e - ring of positive energy
MPRegen  0.09/turn              (no ring)

@: no status effects
A: no food or potions, fire vulnerability, cold resistance 1, negative energy
resistance 3, torment resistance, unbreathing
a: no special abilities


You were on level 4 of the Dungeon.
You were not hungry.

You visited 1 branch of the dungeon, and saw 4 of its levels.

You collected 43 gold pieces.

Inventory:

Hand Weapons
 a - a +1 dagger (weapon)
Armour
 b - a +0 robe (worn)
Jewellery
 e - a ring of positive energy (left hand)
Wands
 d - a wand of paralysis (0/24)
 f - a wand of digging (16/24)
Books
 c - a book of Maledictions

   Spells                             Type                      Level
   a - Corona                         Hexes                        1
   b - Ensorcelled Hibernation        Hexes/Ice                    2
   c - Confuse                        Hexes                        3
   d - Tukima's Dance                 Hexes                        3
   e - Dazzling Spray                 Conjuration/Hexes            3


   Skills:
 * Level 1.6 Short Blades
 - Level 1.5 Dodging
 - Level 2.4 Stealth
 - Level 2.6 Spellcasting
 - Level 2.6 Hexes


You had 3 spell levels left.
You knew the following spells:

 Your Spells              Type           Power        Failure   Level  Hunger
a - Corona                Hex            #......      8%          1    N/A
b - Ensorcelled Hibernat  Hex/Ice        #.....       19%         2    N/A

Dungeon Overview and Level Annotations

Branches:
Dungeon (4/15)             Temple (0/1) D:4

Altars:

Annotations:
D:3 Grinder


Innate Abilities, Weirdness & Mutations

You do not eat or drink.
Your flesh is vulnerable to fire.
You are immune to poison.
Your flesh is cold resistant. (rC+)
You are immune to negative energy. (rN+++)
You are immune to unholy pain and torment.
You can survive without breathing.


Message History

Aiming: Paralyse (will waste charges)
Press: ? - help, Shift-Dir - straight line, f/p - worker ant
Aim: a worker ant (severely wounded, chance to defeat MR: 54%) Nothing appears to happen.
The worker ant bites you.
Unknown command.
Evoke which item? (* to show all) (? for menu, Esc to quit)
This wand has no charges.
Unknown command.
Unknown command.
Okay, then.
You can't drink.
Unknown command.
Unknown command.
You hit the worker ant.
The worker ant is almost dead.
The worker ant bites you!
You hit the worker ant.
The worker ant is almost dead.
The worker ant bites you.
You die...

#.# #.# #.# #.# ##.###
#.# #. ......### ##.##
#....†.# ##...## #.#.#
##.....##
###+###..###..........
#.....##........#.####
#.⌠.⌠.#..###.##.#.#
+..>.@'..# #...>..#
#.⌠.a.#### ####.###
#.....# .# ###+###


You could see a worker ant.

Vanquished Creatures
  2 hobgoblins
  A quokka (D:4)
  2 bats (D:2)
  2 frilled lizards (D:1)
  A kobold (D:1)
8 creatures vanquished.

Notes
Turn   | Place    | Note
-------+----------+-------------------------------------------
     0 | D:1      | 4thArraOfDagon the Mummy Enchanter began the quest for the Orb.
     0 | D:1      | Reached XP level 1. HP: 13/13 MP: 4/4
    23 | D:1      | Reached skill level 1 in Short Blades
   238 | D:3      | Noticed Grinder
   420 | D:4      | Noticed a crimson imp
   461 | D:3      | Noticed a worker ant
   507 | D:4      | Reached XP level 2. HP: 19/19 MP: 3/5
   513 | D:4      | Learned a level 2 spell: Ensorcelled Hibernation
   514 | D:4      | Found a staircase to the Ecumenical Temple.
   524 | D:4      | Slain by a worker ant

Vault maps used:
D:1:      dpeg_arrival_central, minmay_shallow_snake_nest
D:3:      kennysheep_the_goblin_king, marbit_many_paths, first_bread,
          grunt_qazlal_sundering, uniq_terence, uniq_grinder
D:4:      minmay_temple_entry_hall, dk_vineyard_2, nemelex_spade_bored_becter,
          uniq_edmund, uniq_duvessa

Skill      XL: |  1 |
---------------+----+-----
Short Blades   | 1 |  1.6
Dodging        | |  1.5
Stealth        | |  2.4
Spellcasting   | |  2.6
Hexes          | |  2.6

Action                   || total
-------------------------++-------
Melee: Dagger            ||    28
 Cast: Corona            ||     4
       Ensorcelled Hiber ||     2
Evoke: Wand              ||     1
  Use: Scroll            ||     1
 Stab: Sleeping          ||     2
Armor: Robe              ||     3
Dodge: Dodged            ||    16
